 Dungeon Crawl Stone Soup version 0.29.1-1-gd02db6906a (webtiles) character file.

Game seed: 7683833697963948222

19562 sentinel the Reanimator (level 13, 0/105 HPs)
             Began as a Meteoran Earth Elementalist on Oct 1, 2022.
             Was a Believer of Ashenzari.
             Slain by a naga warrior
             ... wielding a +0 dire flail
              (3 damage)
             ... on level 4 of the Snake Pit.
             The game lasted 01:07:17 (2127 turns).

sentinel the Reanimator (MeEE)                      Turns: 2127, Time: 01:07:18

Health: 0/105      AC: 10    Str: 12    XL:     13   Next: 33%
Magic:  26/38      EV: 10    Int: 20    God:    Ashenzari [**....]
Gold:   0          SH:  0    Dex: 15    Spells: 1/35 levels left

rFire   . . .      SeeInvis +   (no weapon)
rCold   . . .      Faith    .   B - orb "Restrained Omission" {light, Fort, Self} (curse)
rNeg    . . .      Spirit   .   u - +0 steam dragon scales of the Visionary Lethargy {Melee, Cun} (curse)
rPois   .          Reflect  .   j - +2 helmet "Share My Panentheism" {Cun, Fort} (curse)
rElec   .          Harm     .   i - +0 cloak
rCorr   .          Rampage  .   (no gloves)
Will    +....                   p - +0 pair of boots
Stlth   +.........              e - amulet of magic regeneration
HPRegen 0.27/turn               y - ring of magical power
MPRegen 0.66/turn               (no ring)

@: animating dead (expiring), very slightly contaminated, glowing, constricted
A: sense surroundings 2, otherworldly, glowing, explore regen
a: Renounce Religion, Shatter the Chains


You were on level 4 of the Snake Pit.
You worshipped Ashenzari.
Ashenzari was pleased with you.
You visited 4 branches of the dungeon, and saw 21 of its levels.

Inventory:

Missiles
 h - 6 javelins
 F - 3 boomerangs
 G - a throwing net
Armour
 a - a +0 robe
 i - a +0 cloak (worn)
 j - the cursed +2 helmet "Share My Panentheism" (worn) {Cun, Fort}
   (You found it on level 4 of the Dungeon)

   It has a curse which improves the following skills: Cunning: Dodging and
   Stealth.
   Fortitude: Armour and Shields.
 p - a +0 pair of boots (worn)
 u - the cursed +0 steam dragon scales of the Visionary Lethargy (worn) {Melee, Cun}
   (You found it on level 8 of the Dungeon)

   It has a curse which improves the following skills: Melee Combat: Short
   Blades, Long Blades, Axes, Maces & Flails, Polearms, Staves and Unarmed
   Combat.
   Cunning:   Dodging and Stealth.
 w - a +0 troll leather armour
 B - the cursed orb "Restrained Omission" (worn) {light, Fort, Self}
   (You found it on level 11 of the Dungeon)

   It has a curse which improves the following skills: Fortitude: Armour and
   Shields.
   Introspection: Fighting and Spellcasting.
Jewellery
 e - an amulet of magic regeneration (around neck)
 y - a ring of magical power (left hand)
Wands
 c - a wand of charming (6)
 V - a wand of flame (5)
Scrolls
 f - a scroll of butterflies
 g - a scroll of amnesia
 k - 2 scrolls of enchant weapon
 l - 4 scrolls of poison
 m - a scroll of brand weapon
 r - a scroll of noise
 v - a scroll of immolation
 x - a scroll of vulnerability
Potions
 d - a potion of might
 n - 3 potions of brilliance
 t - a potion of flight
 A - a potion of degeneration
 C - a potion of ambrosia
 D - a potion of lignification
 E - a potion of berserk rage
 M - a potion of mutation
Miscellaneous
 K - a tin of tremorstones (2/2)


   Skills:
 - Level 6.0(7.2) Fighting
 - Level 2.4(4.0) Dodging
 - Level 1.4(2.7) Stealth
 - Level 10.6(11.9) Spellcasting
 - Level 5.0 Conjurations
 - Level 8.0 Summonings
 - Level 11.0 Necromancy
 - Level 1.2 Transmutations
 - Level 10.0 Ice Magic
 - Level 8.0 Earth Magic
 - Level 7.0 Poison Magic
 + Level 3.6 Evocations


You had one spell level left.
You knew the following spells:

 Your Spells              Type           Power      Damage    Failure   Level
a - Sandblast             Erth           86%        2d18      1%          1
b - Stone Arrow           Conj/Erth      74%        3d11      1%          3
c - Passwall              Tmut/Erth      25%        N/A       1%          2
d - Simulacrum            Ice/Necr       26%        N/A       12%         6
e - Haunt                 Necr/Summ      24%        N/A       69%         7
t - Olgreb's Toxic Radia  Pois           39%        N/A       3%          4
w - Borgnjor's Vile Clut  Necr/Erth      24%        N/A       3%          5
E - Animate Dead          Necr           54%        N/A       1%          4
Z - Sublimation of Blood  Necr           54%        N/A       1%          2

Your spell library contained the following spells:

 Spells                   Type           Power      Damage    Failure   Level
 Magic Dart               Conj           100%       1d8       1%          1
 Necrotise                Necr           100%       1d9       1%          1
 Sting                    Tmut/Pois      100%       1d8       1%          1
 Call Imp                 Summ           43%        N/A       1%          2
 Poisonous Vapours        Pois/Air       50%        N/A       1%          2
 Agony                    Necr           54%        N/A       1%          5
 Mephitic Cloud           Conj/Pois/Air  27%        N/A       3%          3
 Anguish                  Hex/Necr       16%        N/A       6%          4
 Petrify                  Tmut/Erth      30%        N/A       9%          4
 Infestation              Necr           27%        N/A       99%         8


Dungeon Overview and Level Annotations

Branches:
Dungeon (12/15) Zot: 5609  Temple (1/1) D:4 Zot: 573    Lair (4/5) D:10 Zot: 2080
  Snake (4/4) Lair:3 Zot: 2092   Slime (0/5) Lair:4
  Swamp: Lair:2-3    Shoals: Lair:2-3       Orc: D:9-12

Altars:
Ashenzari
Dithmenos
Elyvilon
Fedhas
Gozag
Hepliaklqana
Kikubaaqudgha
Makhleb
Nemelex Xobeh
Okawaru
Ru
Sif Muna
Trog
Uskayaw
Wu Jian
Zin
The Shining One

Shops:
D:5 (

Annotations:
D:4 Pikel
D:11 1 runed translucent door, diceflayer's ghost, journeyman DsFi
Lair:2 1 exclusion


Innate Abilities, Weirdness & Mutations

You passively map the area around you.
You are easily found by Zot.
You glow in the dark.
You regain HP and MP as you explore.


Message History

The salamander is engulfed in poison gas.
The salamander looks as sick as possible!
The naga warrior struggles to escape constriction.
The naga warrior constricts your naga simulacrum.
Your naga simulacrum hits the naga warrior!
Your naga simulacrum freezes the naga warrior!
Your salamander simulacrum hits the naga warrior.
The naga warrior dies!
The dead are walking!
Training target 8.0 for Earth Magic reached!
Your Earth Magic skill increases to level 8!
You need to enable at least one skill for training.
Your Evocations skill increases to level 1!
As you read the scroll of fear, it crumbles to dust.
You assume a fearsome visage.
The salamander looks frightened!
The naga looks frightened!
The black mamba looks frightened!
The zombie hands constrict the naga.
You feel sick.
The naga escapes!
The salamander unwields a +0 shortbow of flaming.
It stops flaming.
The salamander hits your naga simulacrum!
Your naga simulacrum vaporises!
Okay, then.
Casting: Simulacrum (dangerous; 12% risk of failure)
Confirm with . or Enter, or press ? or * to list all spells.
Aiming: Borgnjor's Vile Clutch (dangerous; 3% risk of failure)
Press: ? - help, Shift-Dir - straight line, f - black mamba
Aim: a black mamba (fleeing, fire blocked by a granite statue, 100% to hit)
Your attack snaps the salamander out of its fear.
Zombie hands grab the salamander.
The zombie hands constrict the salamander.
You feel sick.
Your naga ritualist zombie is engulfed in freezing vapours.
Something completely misses your naga ritualist zombie.
The salamander hits your naga ritualist zombie!!
Your naga ritualist zombie is engulfed in flames!
Your naga simulacrum hits the salamander!
Your naga simulacrum freezes the salamander!
The salamander is frozen!
The salamander dies!
The dead are walking!
The black mamba bites your salamander simulacrum.
Your Evocations skill increases to level 2!
Okay, then.
Magic courses through your body.
You feel sick.
Something hits your naga ritualist zombie!!
The black mamba bites your salamander simulacrum!
Your salamander simulacrum vaporises!
Casting: Borgnjor's Vile Clutch (dangerous; 3% risk of failure)
Confirm with . or Enter, or press ? or * to list all spells.
Aiming: Borgnjor's Vile Clutch (dangerous; 3% risk of failure)
Press: ? - help, Shift-Dir - straight line, f - black mamba
Aim: a black mamba (poison gas, ally target, 100% to hit)
You miscast Borgnjor's Vile Clutch.
Strange energies run through your body!
You feel drained.
You feel sick.
The black mamba bites your naga warrior zombie!
The guardian serpent hits your naga ritualist zombie!
Your naga ritualist zombie is destroyed!
Your butterfly is poisoned.
HP warning!
Unknown command.
Casting: Borgnjor's Vile Clutch (dangerous; 3% risk of failure)
Confirm with . or Enter, or press ? or * to list all spells.
Aiming: Borgnjor's Vile Clutch (dangerous; 3% risk of failure)
Press: ? - help, Shift-Dir - straight line, p - black mamba
Okay, then.
Your reaping aura is weakening.
You feel sick.
You kill your butterfly!
Your butterfly disappears in a burst of colours!
The black mamba bites your salamander zombie. x2
Your salamander zombie hits the black mamba.
Your naga warrior zombie is engulfed in freezing vapours.
Your naga warrior zombie misses the black mamba.
Your naga warrior zombie grabs the black mamba.
Your naga warrior zombie constricts the black mamba.
The guardian serpent barely misses your naga simulacrum.
HP warning!
Okay, then.
Okay, then.
Okay, then.
Okay, then.
Okay, then.
Press: ? - help, v - describe, . - travel, g - get item
Here: a guardian serpent (haloed)
Items here: a +0 shortbow of flaming; a +0 spear.
The floor, spattered with blood.
Unknown command.
Unknown command.
Okay, then.
Press: ? - help, v - describe, . - travel The floor.
Unknown command.
Okay, then.
Okay, then.
Casting: Borgnjor's Vile Clutch (dangerous; 3% risk of failure)
Confirm with . or Enter, or press ? or * to list all spells.
Aiming: Borgnjor's Vile Clutch (dangerous; 3% risk of failure)
Press: ? - help, Shift-Dir - straight line, f - guardian serpent, p - black mamba
Aim: a guardian serpent (haloed, 100% to hit)
Okay, then.
Okay, then.
Casting: Borgnjor's Vile Clutch (dangerous; 3% risk of failure)
Confirm with . or Enter, or press ? or * to list all spells.
Aiming: Borgnjor's Vile Clutch (dangerous; 3% risk of failure)
Press: ? - help, Shift-Dir - straight line, f - guardian serpent, p - black mamba
Aim: a guardian serpent (haloed, 100% to hit)
Your naga simulacrum is unaffected.
Zombie hands grab the guardian serpent.
Your salamander zombie is unaffected.
The zombie hands constrict the guardian serpent.
You feel sick.
The black mamba bites your naga warrior zombie!
The guardian serpent hits your naga simulacrum!
Your naga simulacrum vaporises!
The black mamba bites your salamander zombie!
Your salamander zombie hits the black mamba!
Your naga warrior zombie hits the black mamba!
The black mamba dies!
Your life force feels restored.
Your Evocations skill increases to level 3!
HP warning!
Okay, then.
Okay, then.
Really read the scroll of torment near your butterfly?
Really read the scroll of torment?
As you read the scroll of torment, it crumbles to dust.
Your body is wracked with pain!
* * * LOW HITPOINT WARNING * * *
The guardian serpent convulses!
The naga convulses!
Your attack snaps the naga out of its fear.
Your butterfly disappears in a burst of colours!
The zombie hands constrict the guardian serpent.
You feel sick.
The guardian serpent coils itself and waves its upper body at you.
The naga warrior blinks into view!
The naga mage blinks into view!
The guardian serpent escapes!
HP warning!
Okay, then.
Okay, then.
Really read the scroll of immolation?
As you read the scroll of immolation, it crumbles to dust.
The creatures around you are filled with an inner flame!
You feel sick.
You are no longer poisoned.
The anaconda grabs you.
The anaconda bites you but does no damage.
The anaconda constricts you.
* * * LOW HITPOINT WARNING * * *
The naga warrior hits you with a +0 dire flail.
You die...

* #.8.# , , ,
*##...## *.N##
, * , #.N.S.#
...# , , * *
#..NN.# 8.8# ,
*, , , #.....#
... * * *
##..N####..# ,
* *,
#ยง8.###...# ,,
*, ,
.##ZZ.##.NS# ,
**,.....Z)..@#*
, , , * *
.......SN## ,*
, *#.......##
,, *###...###
*,, #.8 * #+ *
, ,, ** ** , ,
* ,, , , ,, ,,,
* , ,,* , ,,* *


You could see a naga warrior (inner flame), an anaconda (inner flame), a
guardian serpent (inner flame, ally target), a naga mage (inner flame, strong),
a naga (inner flame, fleeing), a friendly black mamba zombie, a friendly naga
warrior zombie (inner flame) and a friendly salamander zombie (inner flame).

Vanquished Creatures
  2 two-headed ogres
  A naga warrior (Snake:2)
  A shock serpent (Snake:3)
  A naga ritualist (Snake:4)
  A mana viper (Snake:2)
  A cyclops (D:12)
  A salamander (Snake:4)
  A naga mage (Snake:2)
  4 black mambas
  A cane toad (Lair:1)
  A kobold demonologist (D:12)
  A komodo dragon (Lair:1)
  A polar bear (Lair:2)
  2 trolls
  4 blink frogs (Lair:3)
  2 shadows
  A wyvern (Lair:4)
  9 yaks
  2 steam dragons (D:8)
  2 wargs
  An acid dragon (D:10)
  5 nagas
  A water moccasin (D:8)
  2 ice beasts
  2 sky beasts (D:8)
  An orc warrior (D:9)
  6 wolves
  2 kobold brigands
  6 bullfrogs
  13 wights
  6 killer bees (D:10)
  3 howler monkeys
  A jelly (D:7)
  5 orc priests
  2 hounds
  2 iguanas (D:5)
  3 orc wizards
  3 adders
  2 ufetubi (D:6)
  13 orcs
  3 ball pythons
  3 endoplasms
  A giant cockroach (D:1)
  4 goblins
  2 hobgoblins
  5 jackals (D:1)
  12 kobolds
  A bat (D:1)
  2 frilled lizards (D:2)
  A rat (D:3)
152 creatures vanquished.

Vanquished Creatures (collateral kills)
  A naga warrior (Snake:4)
  A shock serpent (Snake:2)
  A mana viper (Snake:2)
  3 salamanders
  A guardian serpent (Snake:2)
  3 black mambas
  A blink frog (Lair:3)
  A wyvern (Lair:3)
  6 yaks
  4 nagas
  2 water moccasins (Lair:1)
  2 wolves (Lair:3)
26 creatures vanquished.

Vanquished Creatures (others)
  A mana viper zombie (Snake:2)
  A black mamba zombie (Snake:2)
  A blink frog zombie (Lair:3)
  A naga zombie (Snake:4)
  A yak zombie (Lair:3)
  2 wolf zombies (Lair:3)
  A howler monkey zombie (Lair:1)
  3 fungi
  A plant (Lair:2)
12 creatures vanquished.

Grand Total: 190 creatures vanquished

Notes
Turn   | Place    | Note
-------+----------+-------------------------------------------
     0 | D:1      | sentinel the Meteoran Earth Elementalist began the quest
                  | for the Orb.
     0 | D:1      | Reached XP level 1. HP: 14/14 MP: 5/5
    44 | D:1      | Found a faded altar of an unknown god.
    64 | D:1      | Reached XP level 2. HP: 20/20 MP: 3/6
    86 | D:1      | Prayed at the altar of an unknown god.
    86 | D:1      | Became a worshipper of Gozag Ym Sagoz the Greedy
    87 | D:1      | Fell from the grace of Gozag
    98 | D:1      | Learned a level 2 spell: Passwall
   182 | D:2      | Found a bloodstained altar of Trog.
   184 | D:2      | Reached XP level 3. HP: 25/26 MP: 6/8
   188 | D:2      | Learned a level 3 spell: Stone Arrow
   228 | D:4      | Noticed a lemure
   228 | D:4      | Noticed a lemure
   228 | D:4      | Noticed a lemure
   229 | D:4      | Noticed Pikel
   232 | D:4      | Noticed a lemure
   235 | D:3      | Was forgiven by Gozag
   235 | D:3      | Reached skill level 5 in Earth Magic
   235 | D:3      | Reached XP level 4. HP: 8/33 MP: 1/9
   290 | D:4      | Found a sacrificial altar of Ru.
   339 | D:5      | Entered Level 5 of the Dungeon
   403 | D:5      | Found Mainel's Antique Weapon Shop.
   438 | D:4      | Found a staircase to the Ecumenical Temple.
   456 | Temple   | Entered the Ecumenical Temple
   507 | D:4      | Reached XP level 5. HP: 38/38 MP: 6/10
   710 | D:5      | Reached XP level 6. HP: 33/45 MP: 7/11
   765 | D:7      | Reached skill level 5 in Conjurations
   770 | D:7      | Learned a level 4 spell: Olgreb's Toxic Radiance
   776 | D:7      | Reached skill level 1 in Poison Magic
   776 | D:7      | Reached XP level 7. HP: 50/50 MP: 11/13
   850 | D:6      | Reached XP level 8. HP: 27/57 MP: 13/16
   874 | D:7      | Reached skill level 5 in Spellcasting
   903 | D:7      | Reached skill level 5 in Poison Magic
   956 | D:8      | Noticed a steam dragon
   963 | D:8      | Killed a steam dragon
  1000 | D:8      | Reached skill level 1 in Fighting
  1017 | D:8      | Gained mutation: You passively map the area around you.
                  | [Meteoran growth]
  1017 | D:8      | Reached XP level 9. HP: 41/67 MP: 3/17
  1123 | D:9      | Noticed a troll
  1128 | D:9      | Killed a troll
  1129 | D:9      | Reached skill level 5 in Fighting
  1197 | D:9      | Found a broken altar of Ashenzari.
  1198 | D:9      | Found a hide-covered altar of Uskayaw.
  1203 | D:9      | Reached XP level 10. HP: 83/83 MP: 15/24
  1214 | D:9      | Reached skill level 10 in Spellcasting
  1358 | D:10     | Entered Level 10 of the Dungeon
  1364 | D:10     | Reached skill level 1 in Necromancy
  1365 | D:10     | Reached skill level 2 in Necromancy
  1370 | D:9      | Reached skill level 3 in Necromancy
  1385 | D:9      | Became a worshipper of Ashenzari the Shackled
  1406 | D:10     | Reached skill level 4 in Necromancy
  1415 | D:10     | Reached skill level 5 in Necromancy
  1434 | D:11     | Noticed diceflayer's ghost (journeyman DsFi)
  1442 | D:12     | Noticed a cyclops
  1442 | D:12     | Noticed a kobold demonologist
  1448 | D:12     | Reached skill level 6 in Necromancy
  1449 | D:12     | Killed a cyclops
  1450 | D:12     | Reached skill level 7 in Necromancy
  1451 | D:12     | Killed a kobold demonologist
  1457 | D:12     | Learned a level 4 spell: Animate Dead
  1493 | D:11     | Noticed a two-headed ogre
  1498 | D:11     | Killed a two-headed ogre
  1499 | D:11     | Reached skill level 8 in Necromancy
  1499 | D:11     | Reached XP level 11. HP: 89/89 MP: 12/26
  1506 | D:11     | Found a runed translucent door.
  1520 | D:10     | Noticed a two-headed ogre
  1526 | D:10     | Killed a two-headed ogre
  1544 | D:10     | Found a staircase to the Lair.
  1554 | Lair:1   | Entered Level 1 of the Lair of Beasts
  1558 | Lair:1   | Reached skill level 9 in Necromancy
  1561 | Lair:1   | Reached skill level 5 in Summonings
  1598 | Lair:1   | Learned a level 7 spell: Haunt
  1618 | Lair:2   | Reached skill level 10 in Necromancy
  1765 | Lair:4   | Reached XP level 12. HP: 95/96 MP: 11/27
  1765 | Lair:4   | Reached * piety under Ashenzari
  1765 | Lair:4   | Identified a scroll of acquirement
  1766 | Lair:4   | Acquired Qeopaf's Papyrus of Iniquitous Magic
  1806 | Lair:3   | Reached skill level 11 in Necromancy
  1806 | Lair:3   | Reached skill level 1 in Ice Magic
  1845 | Lair:3   | Learned a level 5 spell: Borgnjor's Vile Clutch
  1848 | Lair:3   | Learned a level 2 spell: Sublimation of Blood
  1857 | Lair:3   | Found a staircase to the Snake Pit.
  1868 | Snake:1  | Entered Level 1 of the Snake Pit
  1872 | Snake:1  | Identified the +1 robe "Udeemnet" {Dex+4}
  1923 | Snake:2  | Reached skill level 5 in Ice Magic
  1954 | Snake:2  | Learned a level 6 spell: Simulacrum
  1975 | Snake:2  | Noticed a shock serpent
  1975 | Snake:2  | Noticed a naga warrior
  1981 | Snake:2  | Killed a shock serpent
  2003 | Snake:2  | Killed a naga warrior
  2018 | Snake:3  | Reached XP level 13. HP: 104/104 MP: 29/29
  2024 | Snake:3  | Reached ** piety under Ashenzari
  2106 | Snake:4  | Entered Level 4 of the Snake Pit
  2109 | Snake:4  | Noticed a naga warrior
  2109 | Snake:4  | Noticed a naga warrior
  2115 | Snake:4  | Reached skill level 10 in Ice Magic
  2119 | Snake:4  | Killed a naga warrior
  2120 | Snake:4  | Reached skill level 1 in Evocations
  2127 | Snake:4  | Noticed an anaconda
  2127 | Snake:4  | HP: 5/105 [poisoned by a naga ritualist (toxic radiance)]
  2127 | Snake:4  | Slain by a naga warrior

Illustrated notes

Levels and vault maps discovered:
D:1:      erik_arrival_triangle_medium, layout_loops_cross,
          basic_ecumenical_altar, supply_closet_lemuel
D:2:      layout_rooms, basic_altar
D:3:      layout_basic, vehumet_altar_wand_db
D:4:      layout_loops_cross, mainiacjoe_overflow_24_doors,
          minmay_temple_entry_metal_lava, uniq_pikel, uniq_menkaure
D:5:      layout_gridville, slow_altar_2, kennysheep_mini, serial_shops,
          nicolae_stop_n_shop_1
D:6:      layout_loops_ring, gammafunk_temple_overflow_claw, roderic_batcave,
          lightli_corner_chamber
D:7:      layout_basic, amcnicky_mini_rare_corridor_liquid
D:8:      layout_basic, minmay_statues_item
D:9:      layout_roguey, grunt_temple_overflow_open
D:10:     layout_rooms, erik_lair_orcish_takeover,
          chequers_serial_rivers_small_a
D:11:     layout_rooms, hellmonk_ghost_happy_afterlife,
          portal_ice_cave_entry_ice_simulacra
D:12:     layout_basic, david_orc_1_choice, serial_bayou, serial_bayou_ford_a,
          serial_bayou_shore_a, serial_bayou_shore_b, serial_bayou_pond_b,
          uniq_frances
Temple:   nicolae_temple_ecumenical_triangle
Lair:1:   layout_gridlike, columned_hall_lemuel
Lair:2:   layout_roguey, serial_bayou_lagoon_b, infiniplex_staircase_pool_2
Lair:3:   layout_roguey, minmay_shoals_entry_beasts,
          minmay_snake_entry_guardpost_small, grunt_forest_small_clearings
Lair:4:   layout_regular_city, slime_entry_2, enter_volcano_4,
          serial_bayou_shore_b, grunt_megastairs_4, uniq_rupert
Snake:1:  layout_concentric_octagons, grunt_megastairs_1, uniq_aizul
Snake:2:  layout_rooms, st_stairs_3
Snake:3:  layout_gridlike, nicolae_snake_single_loop, nicolae_snake_double_loop,
          nicolae_snake_coiling_death, minmay_shop_grove, uniq_saint_roka
Snake:4:  snake_pit, layout_layer_cave, grunt_megastairs_5

Skill      XL: |  1  2  3  4  5  6  7  8  9 10 11 12 13 |
---------------+----------------------------------------+-----
Earth Magic    | 4 5 6 7 8 |  8.0
Conjurations   | 2 4 5 |  5.0
Spellcasting   | 3 4 5 9 10 | 10.6
Poison Magic   | 1 4 7 |  7.0
Fighting       | 3 6 |  6.0
Necromancy     | 8 10 11 | 11.0
Summonings     | 2 7 8 |  8.0
Ice Magic      | 8 10 | 10.0
Evocations     | 3 |  3.6
Dodging        | |  2.4
Stealth        | |  1.4
Transmutations | |  1.2

Action                   |  1- 3 |  4- 6 |  7- 9 | 10-12 | 13-15 || total
-------------------------+-------+-------+-------+-------+-------++-------
Melee: Unarmed           |       |       |       |     1 |       ||     1
 Cast: Sandblast         |    22 |    31 |    42 |    38 |       ||   133
       Passwall          |     1 |    18 |     7 |     6 |       ||    32
       Stone Arrow       |     2 |       |    34 |    59 |     5 ||   100
       Olgreb's Toxic Ra |       |       |     7 |    36 |       ||    43
       Animate Dead      |       |       |       |     6 |     2 ||     8
       Borgnjor's Vile C |       |       |       |    18 |    11 ||    29
       Simulacrum        |       |       |       |     2 |     4 ||     6
Invok: Renounce Religion |     1 |       |       |       |       ||     1
       Curse Item        |       |       |       |     2 |     1 ||     3
  Use: Scroll            |       |       |       |     2 |     6 ||     8
       Potion            |       |       |       |       |     2 ||     2
Armor: Robe              |     4 |     4 |    12 |       |       ||    20
       Steam dragon scal |       |       |    18 |    38 |     4 ||    60
Dodge: Dodged            |     3 |     7 |    24 |    48 |     3 ||    85
